PAA
CHESAPEAKE CONTINENTALS @ ATHLETIC CLUB KC ACADEMY
06/25/2025
 
TOP OF THE 1ST
Chesapeake Continentals batting - Pitching for Athletic Club KC Academy : LHP Xavier Navarro
Pitching: LHP Xavier Navarro
Batting: RHB Lee Lockheart 0-0: Fly out, F7 (Flyball, 7)
Batting: RHB Gabriel Guerrero 0-0: Bunted foul
0-1: Ball
1-1: Called Strike
1-2: Ball
2-2: Foul Ball, location: 2F
2-2: SINGLE (Flyball, 8LS)
Batting: RHB Mike Peterson 0-0: Ball
1-0: Foul Ball, location: 2F
1-1: Called Strike
1-2: Ball
Gabriel Guerrero steals 2nd base
2-2: Ball
3-2: Fly out, F8 (Flyball, 78D)
Batting: RHB Salvador Pineda 0-0: Fly out, F8 (Flyball, 8RXD)
Top of the 1st over - 0 run(s), 1 hit(s), 0 error(s), 1 left on base; Chesapeake 0 - Athletic Club KC Academy 0
BOTTOM OF THE 1ST
Athletic Club KC Academy batting - Pitching for Chesapeake Continentals : RHP Francisco Sandoval
Pitching: RHP Francisco Sandoval
Batting: RHB Filip Huigen 0-0: Ball
1-0: Ball
2-0: Ball
3-0: Base on Balls
Batting: SHB Sang-your Yu 0-0: Called Strike
0-1: Foul Ball, location: 2F
0-2: Strikes out swinging
Batting: LHB Manuel Domínguez 0-0: Swinging Strike
0-1: SINGLE (Flyball, 7S)
Filip Huigen to second
Batting: LHB Tony García 0-0: Ball
1-0: Swinging Strike
1-1: Reached on error, E4 (Groundball, 4M)
Filip Huigen to third
Manuel Domínguez to second
Batting: LHB Michael Landry 0-0: Ball
1-0: Ball
2-0: Foul Ball, location: 2F
2-1: Ball
3-1: Base on Balls
Filip Huigen scores
Manuel Domínguez to third
Tony García to second
Batting: RHB Iván Chacón 0-0: Swinging Strike
0-1: SINGLE (Groundball, 6M) (infield hit)
Manuel Domínguez scores
Tony García to third
Michael Landry to second
Batting: LHB Enrique Miranda 0-0: Ball
1-0: Called Strike
1-1: Ground out 3-1 (Groundball, 34S)
Tony García scores
Michael Landry to third
Iván Chacón to second
Batting: RHB José Flores 0-0: Hit by Pitch
Batting: RHB Felipe Pabalate 0-0: Called Strike
0-1: SINGLE (Line Drive, 89S)
Michael Landry scores
Iván Chacón to third
José Flores to second
Batting: RHB Filip Huigen 0-0: Called Strike
0-1: Foul Ball, location: 2F
0-2: Fielders Choice at 2nd, 5-4 (Groundball, 56)
Bottom of the 1st over - 4 run(s), 3 hit(s), 1 error(s), 2 left on base; Chesapeake 0 - Athletic Club KC Academy 4
TOP OF THE 2ND
Chesapeake Continentals batting - Pitching for Athletic Club KC Academy : LHP Xavier Navarro
Batting: RHB Jorge Rodríguez 0-0: Ball
1-0: Called Strike
1-1: DOUBLE (Flyball, 8LM)
Batting: RHB Vincent Vega 0-0: Ball
1-0: Ball
2-0: SINGLE (Groundball, 34D)
Jorge Rodríguez to third
Batting: RHB Gil Nichols 0-0: Ball
Vincent Vega is caught stealing 2nd base
1-0: Foul Ball, location: 2F
1-1: Ball
2-1: Ball
3-1: Base on Balls
Batting: SHB Dominique Prost 0-0: Ball
1-0: Foul Ball, location: 2F
1-1: Foul Ball, location: 2F
1-2: Grounds into double play, 6-4-3 (Groundball, 6)
Top of the 2nd over - 0 run(s), 2 hit(s), 0 error(s), 1 left on base; Chesapeake 0 - Athletic Club KC Academy 4
BOTTOM OF THE 2ND
Athletic Club KC Academy batting - Pitching for Chesapeake Continentals : RHP Francisco Sandoval
Batting: SHB Sang-your Yu 0-0: Foul Ball, location: 2F
0-1: SINGLE (Line Drive, 78S)
Batting: LHB Manuel Domínguez 0-0: Fly out, F8 (Flyball, 78S)
Batting: LHB Tony García 0-0: Foul Ball, location: 2F
0-1: SINGLE (Groundball, 34D)
Sang-your Yu to second
Runner from 2nd tries for 3rd, SAFE, throw made to third
Batting: LHB Michael Landry 0-0: Ball
1-0: SINGLE (Groundball, 5S) (infield hit)
Sang-your Yu scores
Tony García to second
Batting: RHB Iván Chacón 0-0: Ball
1-0: Foul Ball, location: 2F
1-1: Swinging Strike
1-2: Ball
2-2: Foul Ball, location: 2F
2-2: Ball
3-2: Foul Ball, location: 2F
3-2: Base on Balls
Tony García to third
Michael Landry to second
Batting: LHB Enrique Miranda 0-0: Called Strike
0-1: Swinging Strike
0-2: Foul Ball, location: 2F
0-2: Ball
1-2: Fielders Choice at 2nd, 4-6 (Groundball, 4)
Tony García scores
Michael Landry to third
Batting: RHB José Flores 0-0: Swinging Strike
0-1: 3-RUN HOME RUN (Flyball, 7LD), Distance : 358 ft
Pitching: LHP Carlos Medina
Batting: RHB Felipe Pabalate 0-0: Foul Ball, location: 2F
0-1: DOUBLE (Flyball, 9D)
Batting: RHB Filip Huigen 0-0: Ground out 4-3 (Groundball, 4)
Bottom of the 2nd over - 5 run(s), 5 hit(s), 0 error(s), 1 left on base; Chesapeake 0 - Athletic Club KC Academy 9
TOP OF THE 3RD
Chesapeake Continentals batting - Pitching for Athletic Club KC Academy : LHP Xavier Navarro
Batting: RHB Rudko Hrnjak 0-0: Swinging Strike
0-1: Ball
1-1: Ball
2-1: SINGLE (Groundball, 6MD)
Batting: RHB Lee Lockheart 0-0: Ball
1-0: Called Strike
1-1: Called Strike
1-2: Grounds into double play, 4-6-3 (Groundball, 4M)
Batting: RHB Gabriel Guerrero 0-0: Ball
1-0: SINGLE (Line Drive, 8LS)
Batting: RHB Mike Peterson 0-0: Ball
1-0: Ball
2-0: Called Strike
2-1: Ball
3-1: Base on Balls
Gabriel Guerrero to second
Batting: RHB Salvador Pineda 0-0: Ball
1-0: Ball
2-0: Ball
3-0: Called Strike
3-1: Called Strike
3-2: Fly out, F9 (Flyball, 9LS)
Top of the 3rd over - 0 run(s), 2 hit(s), 0 error(s), 2 left on base; Chesapeake 0 - Athletic Club KC Academy 9
BOTTOM OF THE 3RD
Athletic Club KC Academy batting - Pitching for Chesapeake Continentals : LHP Carlos Medina
Batting: SHB Sang-your Yu 0-0: Fly out, F9 (Flyball, 9)
Batting: LHB Manuel Domínguez 0-0: Ball
1-0: Swinging Strike
1-1: Ball
2-1: Foul Ball, location: 2F
2-2: Foul Ball, location: 2F
2-2: DOUBLE (Flyball, 7LM)
Batting: LHB Tony García 0-0: Called Strike
0-1: Foul Ball, location: 2F
0-2: Foul Ball, location: 2F
0-2: Ball
1-2: SINGLE (Flyball, 8LS)
Manuel Domínguez to third
Batting: LHB Michael Landry 0-0: Ball
1-0: Foul Ball, location: 2F
1-1: Ball
2-1: Ball
3-1: Base on Balls
Tony García to second
Batting: RHB Iván Chacón 0-0: Ball
1-0: SINGLE (Groundball, 34S) (infield hit)
Manuel Domínguez scores
Tony García to third
Michael Landry to second
Batting: LHB Enrique Miranda 0-0: Ball
1-0: Foul Ball, location: 2F
1-1: Fly out, F7 (Flyball, 78M)
Runner from 3rd tags up, SCORES, throw made
Batting: RHB José Flores 0-0: Ball
1-0: Fly out, F9 (Flyball, 9S)
Bottom of the 3rd over - 2 run(s), 3 hit(s), 0 error(s), 2 left on base; Chesapeake 0 - Athletic Club KC Academy 11
TOP OF THE 4TH
Chesapeake Continentals batting - Pitching for Athletic Club KC Academy : LHP Xavier Navarro
Batting: RHB Jorge Rodríguez 0-0: Called Strike
0-1: Ball
1-1: Ball
2-1: SINGLE (Groundball, 6MD)
Batting: RHB Vincent Vega 0-0: Ball
1-0: Ball
2-0: Called Strike
2-1: Ball
3-1: Called Strike
3-2: Strikes out looking
Batting: RHB Gil Nichols 0-0: Called Strike
0-1: Ball
1-1: Fly out, F8 (Flyball, 8LD)
Batting: SHB Dominique Prost 0-0: Foul Ball, location: 2F
0-1: Foul Ball, location: 2F
0-2: Ball
1-2: DOUBLE (Line Drive, 7LM)
Jorge Rodríguez to third
Runner from 3rd tries for Home, throw and OUT!
Top of the 4th over - 0 run(s), 2 hit(s), 0 error(s), 1 left on base; Chesapeake 0 - Athletic Club KC Academy 11
BOTTOM OF THE 4TH
Athletic Club KC Academy batting - Pitching for Chesapeake Continentals : LHP Carlos Medina
Batting: RHB Felipe Pabalate 0-0: Called Strike
0-1: Foul Ball, location: 2F
0-2: SINGLE (Groundball, 34D)
Batting: RHB Filip Huigen 0-0: Ball
1-0: Called Strike
1-1: Foul Ball, location: 2F
1-2: Fly out, F8 (Flyball, 8LM)
Batting: SHB Sang-your Yu 0-0: Ball
1-0: Ball
2-0: Ball
3-0: Called Strike
3-1: Base on Balls
Felipe Pabalate to second
Batting: LHB Manuel Domínguez 0-0: Ball
1-0: Called Strike
1-1: Ball
2-1: Foul Ball, location: 2F
2-2: Ball
3-2: Foul Ball, location: 2F
3-2: Base on Balls
Felipe Pabalate to third
Sang-your Yu to second
Batting: LHB Tony García 0-0: Called Strike
0-1: Ball
1-1: Ball
2-1: Swinging Strike
2-2: Ball
3-2: GRAND SLAM HOME RUN (Flyball, 9LD), Distance : 345 ft
Pitching: RHP Vicente Reyes
Batting: LHB Michael Landry 0-0: Ball
1-0: Ball
2-0: Ball
3-0: Called Strike
3-1: Base on Balls
Batting: RHB Iván Chacón 0-0: Ball
1-0: Ball
2-0: Ball
3-0: Base on Balls
Michael Landry to second
Batting: LHB Enrique Miranda 0-0: Ball
1-0: SINGLE (Groundball, 34S) (infield hit)
Michael Landry to third
Iván Chacón to second
Batting: RHB José Flores 0-0: SINGLE (Groundball, 6D)
Michael Landry scores
Iván Chacón to third
Enrique Miranda to second
Runner from 3rd tries for Home, SAFE, throw made home
Batting: RHB Felipe Pabalate 0-0: SINGLE (Groundball, 6MD)
Enrique Miranda to third
José Flores to second
Batting: RHB Filip Huigen 0-0: Ball
1-0: Called Strike
1-1: Ball
2-1: TRIPLE (Flyball, 9LM)
Enrique Miranda scores
José Flores scores
Felipe Pabalate scores
Pitching: LHP Yeong-hwan Yang
Batting: SHB Sang-your Yu 0-0: Called Strike
0-1: Fly out, F9 (Flyball, 9LS)
Runner from 3rd tags up, SCORES, throw made
Batting: LHB Manuel Domínguez 0-0: Called Strike
0-1: Ball
1-1: Ball
2-1: SINGLE (Groundball, 34D)
Batting: LHB Tony García 0-0: Called Strike
0-1: Ball
1-1: Ball
2-1: Foul Ball, location: 2F
2-2: Fly out, F8 (Flyball, 89S)
Bottom of the 4th over - 10 run(s), 7 hit(s), 0 error(s), 1 left on base; Chesapeake 0 - Athletic Club KC Academy 21
TOP OF THE 5TH
Chesapeake Continentals batting - Pitching for Athletic Club KC Academy : LHP Xavier Navarro
Batting: RHB Rudko Hrnjak 0-0: Ball
1-0: Ground out 1-3 (Groundball, 15S)
Batting: RHB Lee Lockheart 0-0: Ball
1-0: Ball
2-0: Foul Ball, location: 2F
2-1: Swinging Strike
2-2: Foul Ball, location: 2F
2-2: Foul Ball, location: 2F
2-2: Strikes out swinging, 2-3 out at first.
Batting: RHB Gabriel Guerrero 0-0: Ball
1-0: Foul Ball, location: 2F
1-1: Ball
2-1: Fly out, F9 (Flyball, 9LS)
Top of the 5th over - 0 run(s), 0 hit(s), 0 error(s), 0 left on base; Chesapeake 0 - Athletic Club KC Academy 21
BOTTOM OF THE 5TH
Athletic Club KC Academy batting - Pitching for Chesapeake Continentals : LHP Yeong-hwan Yang
Batting: LHB Michael Landry 0-0: SINGLE (Groundball, 4MD)
Batting: RHB Iván Chacón 0-0: Swinging Strike
0-1: Called Strike
0-2: Strikes out swinging
Batting: LHB Enrique Miranda 0-0: Called Strike
0-1: Foul Ball, location: 2F
0-2: Ball
1-2: Ball
2-2: Foul Ball, location: 2F
2-2: Strikes out swinging
Batting: RHB José Flores 0-0: Ball
1-0: Foul Ball, location: 2F
1-1: Foul Ball, location: 2F
1-2: Ball
2-2: Foul Ball, location: 2F
2-2: Ball
Michael Landry steals 2nd base
3-2: Strikes out swinging
Bottom of the 5th over - 0 run(s), 1 hit(s), 0 error(s), 1 left on base; Chesapeake 0 - Athletic Club KC Academy 21
TOP OF THE 6TH
Chesapeake Continentals batting - Pitching for Athletic Club KC Academy : LHP Xavier Navarro
Batting: RHB Mike Peterson 0-0: Called Strike
0-1: Called Strike
0-2: Ball
1-2: Ball
2-2: Ball
3-2: Base on Balls
Pitching: LHP Salbatore Alejos
Batting: RHB Salvador Pineda 0-0: Ball
1-0: Called Strike
1-1: Ball
2-1: Ball
3-1: Base on Balls
Mike Peterson to second
Batting: RHB Jorge Rodríguez 0-0: Ball
1-0: Fly out, F6 (Popup, 6S)
Batting: RHB Vincent Vega 0-0: Ball
Mike Peterson steals 3rd base
Salvador Pineda to second
1-0: Swinging Strike
1-1: Foul Ball, location: 2F
1-2: Ball
2-2: Strikes out swinging
Batting: RHB Gil Nichols 0-0: Ball
1-0: Fly out, F9 (Flyball, 9D)
Top of the 6th over - 0 run(s), 0 hit(s), 0 error(s), 2 left on base; Chesapeake 0 - Athletic Club KC Academy 21
BOTTOM OF THE 6TH
Athletic Club KC Academy batting - Pitching for Chesapeake Continentals : LHP Yeong-hwan Yang
Batting: RHB Felipe Pabalate 0-0: Called Strike
0-1: Ball
1-1: Foul Ball, location: 2F
1-2: Ball
2-2: Ball
3-2: Foul Ball, location: 2F
3-2: Base on Balls
Batting: RHB Filip Huigen 0-0: Called Strike
0-1: Hit by Pitch
Felipe Pabalate to second
Batting: SHB Sang-your Yu 0-0: SINGLE (Line Drive, 6)
Felipe Pabalate to third
Filip Huigen to second
Runner from 3rd tries for Home, SAFE, no throw
Batting: LHB Manuel Domínguez 0-0: Called Strike
0-1: Fly out, F8 (Line Drive, 8LM)
Batting: LHB Tony García 0-0: Called Strike
Filip Huigen steals 3rd base
Sang-your Yu to second
0-1: Ball
1-1: Ground out 4-3 (Groundball, 4S)
Filip Huigen scores
Sang-your Yu to third
Batting: LHB Michael Landry 0-0: Ball
1-0: Ball
2-0: Foul Ball, location: 2F
2-1: Called Strike
2-2: Ball
3-2: Base on Balls
Batting: RHB Iván Chacón 0-0: Fielders Choice at 2nd, 6-4 (Groundball, 6)
Bottom of the 6th over - 2 run(s), 1 hit(s), 0 error(s), 1 left on base; Chesapeake 0 - Athletic Club KC Academy 23
TOP OF THE 7TH
Chesapeake Continentals batting - Pitching for Athletic Club KC Academy : LHP Salbatore Alejos
Batting: SHB Dominique Prost 0-0: Ball
1-0: Called Strike
1-1: Fly out, F8 (Flyball, 8LM)
Batting: RHB Rudko Hrnjak 0-0: Swinging Strike
0-1: Ball
1-1: Ground out 6-3 (Groundball, 6)
Batting: RHB Lee Lockheart 0-0: Ball
1-0: Called Strike
1-1: Called Strike
1-2: Strikes out swinging
Top of the 7th over - 0 run(s), 0 hit(s), 0 error(s), 0 left on base; Chesapeake 0 - Athletic Club KC Academy 23
BOTTOM OF THE 7TH
Athletic Club KC Academy batting - Pitching for Chesapeake Continentals : LHP Yeong-hwan Yang
Pitching: LHP Héctor Rodríguez
Batting: LHB Enrique Miranda 0-0: Ball
1-0: Foul Ball, location: 2F
1-1: Ball
2-1: Foul Ball, location: 2F
2-2: Ball
3-2: SINGLE (Line Drive, 9LS)
Batting: RHB José Flores 0-0: Fly out, F9 (Flyball, 9)
Batting: RHB Felipe Pabalate 0-0: Foul Ball, location: 2F
0-1: SINGLE (Groundball, 6MD)
Enrique Miranda to second
Pinch Hitting: RHB Nathaniel Gault 0-0: SINGLE (Groundball, 6MD)
Enrique Miranda to third
Felipe Pabalate to second
Runner from 3rd tries for Home, SAFE, throw made home
Batting: SHB Sang-your Yu 0-0: Called Strike
0-1: Ball
1-1: Ball
2-1: Ball
3-1: Called Strike
3-2: SINGLE (Line Drive, 89S)
Felipe Pabalate to third
Nathaniel Gault to second
Batting: LHB Manuel Domínguez 0-0: Ball
1-0: Foul Ball, location: 2F
1-1: Swinging Strike
1-2: Ball
2-2: Ball
3-2: Foul Ball, location: 2F
3-2: Base on Balls
Felipe Pabalate scores
Nathaniel Gault to third
Sang-your Yu to second
Batting: LHB Tony García 0-0: Swinging Strike
0-1: Ball
1-1: Fly out, F8 (Flyball, 89M)
Runner from 3rd tags up, SCORES, throw made
Batting: LHB Michael Landry 0-0: Foul Ball, location: 2F
0-1: Swinging Strike
0-2: Ball
1-2: Ball
2-2: Foul Ball, location: 2F
2-2: Reached on error, E3 (Groundball, 3)
Sang-your Yu to third
Manuel Domínguez to second
Pinch Hitting: RHB Ted Stephens 0-0: Called Strike
0-1: Ball
1-1: Called Strike
1-2: Strikes out swinging
Bottom of the 7th over - 3 run(s), 4 hit(s), 1 error(s), 3 left on base; Chesapeake 0 - Athletic Club KC Academy 26
TOP OF THE 8TH
Chesapeake Continentals batting - Pitching for Athletic Club KC Academy : LHP Salbatore Alejos
Now at SS: Ted Stephens
Now in LF: Nathaniel Gault
Batting: RHB Gabriel Guerrero 0-0: Called Strike
0-1: Foul Ball, location: 2F
0-2: Ball
1-2: Strikes out swinging
Batting: RHB Mike Peterson 0-0: Ball
1-0: Called Strike
1-1: SOLO HOME RUN (Flyball, 9D), Distance : 372 ft
Batting: RHB Salvador Pineda 0-0: Fly out, F9 (Flyball, 9LMF)
Batting: RHB Jorge Rodríguez 0-0: Called Strike
0-1: Foul Ball, location: 2F
0-2: Fly out, F6 (Popup, 56)
Top of the 8th over - 1 run(s), 1 hit(s), 0 error(s), 0 left on base; Chesapeake 1 - Athletic Club KC Academy 26
BOTTOM OF THE 8TH
Athletic Club KC Academy batting - Pitching for Chesapeake Continentals : LHP Héctor Rodríguez
Pitching: RHP Ignacio Aguilar
Batting: LHB Enrique Miranda 0-0: Ball
1-0: Ball
2-0: SINGLE (Line Drive, 89M)
Batting: RHB José Flores 0-0: Called Strike
0-1: Hit by Pitch
Enrique Miranda to second
Batting: RHB Felipe Pabalate 0-0: Called Strike
0-1: Ball
1-1: SINGLE (Groundball, 4M) (infield hit)
Enrique Miranda to third
José Flores to second
Batting: RHB Nathaniel Gault 0-0: Called Strike
0-1: Ball
1-1: Ball
2-1: SINGLE (Groundball, 4D)
Enrique Miranda scores
José Flores to third
Felipe Pabalate to second
Runner from 3rd tries for Home, throw and OUT!
Batting: SHB Sang-your Yu 0-0: Called Strike
0-1: Fly out, F9 (Line Drive, 9)
Batting: LHB Manuel Domínguez 0-0: Ball
1-0: Fly out, F8 (Flyball, 8LM)
Bottom of the 8th over - 1 run(s), 3 hit(s), 0 error(s), 2 left on base; Chesapeake 1 - Athletic Club KC Academy 27
TOP OF THE 9TH
Chesapeake Continentals batting - Pitching for Athletic Club KC Academy : LHP Salbatore Alejos
Batting: RHB Vincent Vega 0-0: Called Strike
0-1: Fly out, F9 (Flyball, 9LS)
Batting: RHB Gil Nichols 0-0: Ball
1-0: SOLO HOME RUN (Flyball, 7D), Distance : 374 ft
Batting: SHB Dominique Prost 0-0: Ball
1-0: Foul Ball, location: 2F
1-1: Called Strike
1-2: Ground out 5-3 (Groundball, 25)
Pinch Hitting: RHB Eduardo Torres 0-0: Foul Ball, location: 2F
0-1: Ball
1-1: Foul Ball, location: 2F
1-2: Foul Ball, location: 2F
1-2: Foul Ball, location: 2F
1-2: DOUBLE (Line Drive, 7LM)
Pinch Runner at 2nd Júlio Rodríguez:
Batting: RHB Lee Lockheart 0-0: Called Strike
0-1: Ball
1-1: Foul Ball, location: 2F
1-2: Ball
2-2: Foul Ball, location: 2F
2-2: Foul Ball, location: 2F
2-2: Fly out, F9 (Flyball, 9LS)
Top of the 9th over - 1 run(s), 2 hit(s), 0 error(s), 1 left on base; Chesapeake 2 - Athletic Club KC Academy 27
Friday, December 30th, 2016 - OOTP Baseball 17.12 Build 75